| TOP OF THE 1ST |
|
Missoula Osprey batting - Pitching for Kingsport Mets : LHP David Salcido
|
|
Pitching: LHP David Salcido
|
|
|
Batting: RHB Hyeok Shon
|
0-0: Called Strike 0-1: Ball 1-1: Ball 2-1: Called Strike 2-2: Strikes out swinging
|
|
Batting: RHB Edwin Romero
|
0-0: Foul Ball, location: 2F 0-1: Foul Ball, location: 2F 0-2: Strikes out swinging
|
|
Batting: SHB Ed Vargas
|
0-0: Swinging Strike 0-1: Ball 1-1: Ball 2-1: Called Strike 2-2: Foul Ball, location: 2F 2-2: Foul Ball, location: 2F 2-2: Ball 3-2: Foul Ball, location: 2F 3-2: SINGLE (Groundball, 6MD, EV 103.8 MPH)
|
|
Batting: RHB D.J. Cooke
|
0-0: Called Strike 0-1: Called Strike 0-2: Foul Ball, location: 2F 0-2: Ball 1-2: Foul Ball, location: 2F 1-2: Ball Wild Pitch! Ed Vargas to second 2-2: Strikes out swinging
|
| Top of the 1st over - 0 runs, 1 hit, 0 errors, 1 left on base; Missoula 0 - Kingsport 0 |
| BOTTOM OF THE 1ST |
|
Kingsport Mets batting - Pitching for Missoula Osprey : RHP Jordan Rondon
|
|
Pitching: RHP Jordan Rondon
|
|
|
Batting: LHB Jeremy Moorehead
|
0-0: Ball 1-0: Called Strike 1-1: Ball 2-1: Ground out 4-3 (Groundball, 4, EV 85.0 MPH)
|
|
Batting: LHB Matt Baker
|
0-0: Ball 1-0: SOLO HOME RUN (Flyball, 9LD, EV 94.4 MPH), Distance : 340 ft
|
|
Batting: LHB Dan Bremseth
|
0-0: Ball 1-0: Ball 2-0: Swinging Strike 2-1: Ball 3-1: Base on Balls
|
|
Batting: LHB Miguel Ramos
|
0-0: Fielders Choice at 2nd, 4-6 (Groundball, 4, EV 106.9 MPH)
|
|
Batting: SHB Nick Daigle
|
0-0: Ball 1-0: Called Strike 1-1: Fly out, F8 (Flyball, 78D, EV 86.9 MPH)
|
| Bottom of the 1st over - 1 run, 1 hit, 0 errors, 1 left on base; Missoula 0 - Kingsport 1 |
| TOP OF THE 2ND |
|
Missoula Osprey batting - Pitching for Kingsport Mets : LHP David Salcido
|
|
Batting: LHB Dallas Kelly
|
0-0: Called Strike 0-1: Ball 1-1: Hit by Pitch
|
|
Batting: RHB Orlando Florez
|
0-0: Ball 1-0: Foul Ball, location: 2F 1-1: Foul Ball, location: 2F 1-2: Ball 2-2: Foul Ball, location: 2F 2-2: Ball 3-2: Strikes out swinging
|
|
Batting: RHB Daniel Rivera
|
0-0: Fielders Choice at 2nd, 5-4 (Groundball, 56S, EV 80.0 MPH)
|
|
Batting: SHB Ethan Newby
|
0-0: Foul Ball, location: 2F 0-1: Ball 1-1: Called Strike 1-2: Foul Ball, location: 2F 1-2: Ball 2-2: Strikes out swinging
|
| Top of the 2nd over - 0 runs, 0 hits, 0 errors, 1 left on base; Missoula 0 - Kingsport 1 |
| BOTTOM OF THE 2ND |
|
Kingsport Mets batting - Pitching for Missoula Osprey : RHP Jordan Rondon
|
|
Batting: RHB Coltin Nellis
|
0-0: Ground out U3 (Groundball, 34S, EV 60.0 MPH)
|
|
Batting: LHB Jason Jones
|
0-0: Ball 1-0: Ball 2-0: Ball 3-0: Base on Balls
|
|
Batting: RHB Chris Graham
|
0-0: Ball 1-0: Grounds into double play, 4-6-3 (Groundball, 4M, EV 108.8 MPH)
|
| Bottom of the 2nd over - 0 runs, 0 hits, 0 errors, 0 left on base; Missoula 0 - Kingsport 1 |
| TOP OF THE 3RD |
|
Missoula Osprey batting - Pitching for Kingsport Mets : LHP David Salcido
|
|
Batting: LHB Josh Thomas
|
0-0: Called Strike 0-1: Foul Ball, location: 2F 0-2: Foul Ball, location: 2F 0-2: Strikes out looking
|
|
Batting: RHB Hyeok Shon
|
0-0: Ball 1-0: Called Strike 1-1: Ball 2-1: Swinging Strike 2-2: Ball 3-2: Strikes out looking
|
|
Batting: RHB Edwin Romero
|
0-0: Swinging Strike 0-1: Ball 1-1: Ball 2-1: Swinging Strike 2-2: Ball 3-2: Foul Ball, location: 2F 3-2: Base on Balls
|
|
Batting: SHB Ed Vargas
|
0-0: Called Strike 0-1: Foul Ball, location: 2F 0-2: Ball 1-2: Ball 2-2: Ball Wild Pitch! Edwin Romero to second 3-2: Foul Ball, location: 2F 3-2: Foul Ball, location: 2F 3-2: SINGLE (Line Drive, 8RS, EV 86.9 MPH) Edwin Romero to third Runner from 3rd tries for Home, throw by CF and OUT! 8-2
|
| Top of the 3rd over - 0 runs, 1 hit, 0 errors, 1 left on base; Missoula 0 - Kingsport 1 |
| BOTTOM OF THE 3RD |
|
Kingsport Mets batting - Pitching for Missoula Osprey : RHP Jordan Rondon
|
|
Batting: RHB Roberto Delgado
|
0-0: Called Strike 0-1: Ball 1-1: Foul Ball, location: 2F 1-2: Ball 2-2: Ball 3-2: Foul Ball, location: 2F 3-2: Strikes out swinging
|
|
Batting: LHB Jeremy Moorehead
|
0-0: Ground out U3 (Groundball, 3, EV 86.2 MPH)
|
|
Batting: LHB Matt Baker
|
0-0: Ball 1-0: Called Strike 1-1: Fly out, F7 (Flyball, 7, EV 96.9 MPH)
|
| Bottom of the 3rd over - 0 runs, 0 hits, 0 errors, 0 left on base; Missoula 0 - Kingsport 1 |
| TOP OF THE 4TH |
|
Missoula Osprey batting - Pitching for Kingsport Mets : LHP David Salcido
|
|
Batting: RHB D.J. Cooke
|
0-0: Ball 1-0: Fly out, F5 (Popup, 25F, EV 83.1 MPH)
|
|
Batting: LHB Dallas Kelly
|
0-0: Ball 1-0: Ball 2-0: Foul Ball, location: 2F 2-1: Ground out 4-3 (Groundball, 4, EV 103.1 MPH)
|
|
Batting: RHB Orlando Florez
|
0-0: Swinging Strike 0-1: Ground out 6-3 (Groundball, 6M, EV 102.5 MPH)
|
| Top of the 4th over - 0 runs, 0 hits, 0 errors, 0 left on base; Missoula 0 - Kingsport 1 |
| BOTTOM OF THE 4TH |
|
Kingsport Mets batting - Pitching for Missoula Osprey : RHP Jordan Rondon
|
|
Batting: LHB Dan Bremseth
|
0-0: Swinging Strike 0-1: Ball 1-1: Ball 2-1: Foul Ball, location: 2F 2-2: Ball 3-2: Foul Ball, location: 2F 3-2: Base on Balls
|
|
Batting: LHB Miguel Ramos
|
0-0: Swinging Strike 0-1: Swinging Strike 0-2: Foul Ball, location: 2F 0-2: Ball 1-2: Ball 2-2: Foul Ball, location: 2F 2-2: Foul Ball, location: 2F 2-2: Ball 3-2: Foul Ball, location: 2F 3-2: Base on Balls Dan Bremseth to second
|
|
Batting: SHB Nick Daigle
|
0-0: Ball 1-0: Foul Ball, location: 2F 1-1: Ball 2-1: Ball 3-1: Foul Ball, location: 2F 3-2: Foul Ball, location: 2F 3-2: 3-RUN HOME RUN (Flyball, 9LD, EV 95.0 MPH), Distance : 329 ft
|
|
Batting: RHB Coltin Nellis
|
0-0: Ball 1-0: Ball 2-0: Ground out 5-3 (Groundball, 5, EV 83.1 MPH)
|
|
Batting: LHB Jason Jones
|
0-0: Ground out U3 (Groundball, 34, EV 104.4 MPH)
|
|
Batting: RHB Chris Graham
|
0-0: Ball 1-0: Swinging Strike 1-1: Foul Ball, location: 2F 1-2: Foul Ball, location: 2F 1-2: Strikes out looking
|
| Bottom of the 4th over - 3 runs, 1 hit, 0 errors, 0 left on base; Missoula 0 - Kingsport 4 |
| TOP OF THE 5TH |
|
Missoula Osprey batting - Pitching for Kingsport Mets : LHP David Salcido
|
|
Batting: RHB Daniel Rivera
|
0-0: Ground out 5-3 (Groundball, 5, EV 82.5 MPH)
|
|
Batting: SHB Ethan Newby
|
0-0: Swinging Strike 0-1: Ball 1-1: Ball 2-1: Ball 3-1: Foul Ball, location: 2F 3-2: Base on Balls
|
|
Batting: LHB Josh Thomas
|
0-0: Foul Ball, location: 2F 0-1: Ball 1-1: Ball 2-1: Ball 3-1: Foul Ball, location: 2F 3-2: Fly out, F7 (Flyball, 7LD, EV 87.5 MPH)
|
|
Batting: RHB Hyeok Shon
|
0-0: Ball 1-0: Foul Ball, location: 2F 1-1: Ball 2-1: Ball 3-1: Base on Balls Ethan Newby to second
|
|
Batting: RHB Edwin Romero
|
0-0: SINGLE (Line Drive, 4MD, EV 98.8 MPH) Ethan Newby to third Hyeok Shon to second Runner from 3rd tries for Home, SAFE, throw by CF to home
|
|
Batting: SHB Ed Vargas
|
0-0: Ball Wild Pitch! Hyeok Shon to third Edwin Romero to second 1-0: Ball Wild Pitch! Hyeok Shon scores Edwin Romero to third 2-0: Called Strike 2-1: Ball 3-1: Foul Ball, location: 2F 3-2: Strikes out swinging
|
| Top of the 5th over - 2 runs, 1 hit, 0 errors, 1 left on base; Missoula 2 - Kingsport 4 |
| BOTTOM OF THE 5TH |
|
Kingsport Mets batting - Pitching for Missoula Osprey : RHP Jordan Rondon
|
|
Batting: RHB Roberto Delgado
|
0-0: Ground out 6-3 (Groundball, 6M, EV 97.5 MPH)
|
|
Batting: LHB Jeremy Moorehead
|
0-0: Ball 1-0: TRIPLE (Line Drive, 8LXD, EV 109.4 MPH)
|
|
Batting: LHB Matt Baker
|
0-0: Ball 1-0: Ball 2-0: Ball 3-0: Called Strike 3-1: Called Strike 3-2: Strikes out swinging
|
|
Batting: LHB Dan Bremseth
|
0-0: Called Strike 0-1: Ball Wild Pitch! Jeremy Moorehead scores 1-1: Ball 2-1: Ball 3-1: Swinging Strike 3-2: Base on Balls
|
|
Pitching: RHP Tom Moore
|
|
|
Batting: LHB Miguel Ramos
|
0-0: Ball 1-0: Ball Dan Bremseth is caught stealing 2nd base 2-6
|
| Bottom of the 5th over - 1 run, 1 hit, 0 errors, 0 left on base; Missoula 2 - Kingsport 5 |
| TOP OF THE 6TH |
|
Missoula Osprey batting - Pitching for Kingsport Mets : LHP David Salcido
|
|
Batting: RHB D.J. Cooke
|
0-0: Reached on error, E5 (Groundball, 56S, EV 78.1 MPH)
|
|
Batting: LHB Dallas Kelly
|
0-0: Fly out, F8 (Flyball, 8LD, EV 96.9 MPH) Runner from 2nd tags up, SAFE at 3rd with throw by CF
|
|
Pitching: LHP Matt Allert
|
|
|
Batting: RHB Orlando Florez
|
0-0: Swinging Strike 0-1: Called Strike 0-2: Ball 1-2: Ball 2-2: Fly out, F9 (Flyball, 9LS, EV 88.8 MPH)
|
|
Batting: RHB Daniel Rivera
|
0-0: Ball 1-0: Ball 2-0: Ball 3-0: Called Strike 3-1: Called Strike 3-2: SINGLE (Groundball, 56, EV 100.6 MPH) (infield hit) D.J. Cooke scores
|
|
Batting: SHB Ethan Newby
|
0-0: Ball 1-0: Called Strike Daniel Rivera steals 2nd base 1-1: Called Strike 1-2: Foul Ball, location: 2F 1-2: Ball 2-2: Ball 3-2: Foul Ball, location: 2F 3-2: Base on Balls
|
|
Pitching: RHP Pat Sprague
|
|
|
Batting: LHB Josh Thomas
|
0-0: Called Strike 0-1: Ball 1-1: Fly out, F8 (Flyball, 8RD, EV 76.2 MPH)
|
| Top of the 6th over - 1 run, 1 hit, 1 error, 2 left on base; Missoula 3 - Kingsport 5 |
| BOTTOM OF THE 6TH |
|
Kingsport Mets batting - Pitching for Missoula Osprey : RHP Tom Moore
|
|
Batting: LHB Miguel Ramos
|
0-0: Called Strike 0-1: Swinging Strike 0-2: Strikes out swinging
|
|
Batting: SHB Nick Daigle
|
0-0: SINGLE (Line Drive, 56D, EV 97.5 MPH)
|
|
Batting: RHB Coltin Nellis
|
0-0: Grounds into double play, 4-6-3 (Groundball, 4, EV 80.6 MPH)
|
| Bottom of the 6th over - 0 runs, 1 hit, 0 errors, 0 left on base; Missoula 3 - Kingsport 5 |
| TOP OF THE 7TH |
|
Missoula Osprey batting - Pitching for Kingsport Mets : RHP Pat Sprague
|
|
Batting: RHB Hyeok Shon
|
0-0: Called Strike 0-1: Ball 1-1: Ball 2-1: Foul Ball, location: 2F 2-2: Strikes out swinging
|
|
Batting: RHB Edwin Romero
|
0-0: Swinging Strike 0-1: Called Strike 0-2: Ball 1-2: Ground out 5-3 (Groundball, 56S, EV 65.0 MPH)
|
|
Batting: SHB Ed Vargas
|
0-0: Swinging Strike 0-1: Ball 1-1: Swinging Strike 1-2: Ball 2-2: Ball 3-2: Foul Ball, location: 2F 3-2: Base on Balls
|
|
Batting: RHB D.J. Cooke
|
0-0: Called Strike 0-1: Ball Passed Ball! Ed Vargas to second 1-1: Ball 2-1: SINGLE (Line Drive, 89M, EV 97.5 MPH) Ed Vargas to third Runner from 3rd tries for Home, SAFE, throw by CF to home
|
|
Batting: LHB Dallas Kelly
|
0-0: Ball 1-0: Ball 2-0: Called Strike 2-1: Called Strike 2-2: Ball 3-2: Base on Balls D.J. Cooke to second
|
|
Batting: RHB Orlando Florez
|
0-0: Ball 1-0: Foul Ball, location: 2F 1-1: SINGLE (Line Drive, 3L, EV 103.8 MPH) D.J. Cooke to third Dallas Kelly to second Runner from 3rd tries for Home, SAFE, throw by RF to home
|
|
Batting: RHB Daniel Rivera
|
0-0: Ball 1-0: Swinging Strike 1-1: Swinging Strike 1-2: Foul Ball, location: 2F 1-2: Foul Ball, location: 2F 1-2: Ball 2-2: Fly out, F6 (Line Drive, 6D, EV 71.2 MPH)
|
| Top of the 7th over - 2 runs, 2 hits, 0 errors, 2 left on base; Missoula 5 - Kingsport 5 |
| BOTTOM OF THE 7TH |
|
Kingsport Mets batting - Pitching for Missoula Osprey : RHP Tom Moore
|
|
Batting: LHB Jason Jones
|
0-0: Ground out 4-3 (Groundball, 4, EV 105.0 MPH)
|
|
Batting: RHB Chris Graham
|
0-0: Ball 1-0: Ball 2-0: Called Strike 2-1: Ball 3-1: Foul Ball, location: 2F 3-2: Base on Balls
|
|
Batting: RHB Roberto Delgado
|
0-0: Fielders Choice at 2nd, 5-4 (Groundball, 5, EV 86.2 MPH)
|
|
Batting: LHB Jeremy Moorehead
|
0-0: Ball 1-0: Ball 2-0: Swinging Strike 2-1: Ball Passed Ball! Roberto Delgado to second 3-1: Base on Balls
|
|
Batting: LHB Matt Baker
|
0-0: Ball 1-0: Called Strike 1-1: Called Strike 1-2: Ball 2-2: Foul Ball, location: 2F 2-2: Ball 3-2: Base on Balls Roberto Delgado to third Jeremy Moorehead to second
|
|
Batting: LHB Dan Bremseth
|
0-0: Called Strike 0-1: Swinging Strike 0-2: Ball 1-2: Fly out, F4 (Popup, 34S, EV 76.2 MPH)
|
| Bottom of the 7th over - 0 runs, 0 hits, 0 errors, 3 left on base; Missoula 5 - Kingsport 5 |
| TOP OF THE 8TH |
|
Missoula Osprey batting - Pitching for Kingsport Mets : RHP Pat Sprague
|
|
Pitching: LHP Tony Diaz
|
|
|
Batting: SHB Ethan Newby
|
0-0: Foul Ball, location: 2F 0-1: Ball 1-1: Foul Ball, location: 2F 1-2: Ball 2-2: Ball 3-2: SINGLE (Groundball, 6MD, EV 102.5 MPH)
|
|
Batting: LHB Josh Thomas
|
0-0: Ball 1-0: Called Strike 1-1: Ball 2-1: Foul Ball, location: 2F 2-2: Foul Ball, location: 2F 2-2: Foul Ball, location: 2F 2-2: Strikes out swinging
|
|
Batting: RHB Hyeok Shon
|
0-0: Called Strike 0-1: Swinging Strike 0-2: Foul Ball, location: 2F 0-2: Strikes out looking
|
|
Batting: RHB Edwin Romero
|
0-0: Ball 1-0: Called Strike 1-1: Foul Ball, location: 2F 1-2: Ball 2-2: Ball 3-2: Strikes out swinging
|
| Top of the 8th over - 0 runs, 1 hit, 0 errors, 1 left on base; Missoula 5 - Kingsport 5 |
| BOTTOM OF THE 8TH |
|
Kingsport Mets batting - Pitching for Missoula Osprey : RHP Tom Moore
|
|
Pitching: LHP Ian Tamburrino
|
|
|
Pinch Hitting: RHB Danny Runberg
|
0-0: Called Strike 0-1: SOLO HOME RUN (Flyball, 8LXD, EV 115.0 MPH), Distance : 444 ft
|
|
Batting: SHB Nick Daigle
|
0-0: Ball 1-0: Fly out, F8 (Line Drive, 8LM, EV 97.5 MPH)
|
|
Batting: RHB Coltin Nellis
|
0-0: Foul Ball, location: 2F 0-1: SINGLE (Groundball, 4MD, EV 105.0 MPH)
|
|
Batting: LHB Jason Jones
|
0-0: Ball 1-0: Ball 2-0: SINGLE (Line Drive, 7LM, EV 90.6 MPH) Coltin Nellis to second
|
|
Batting: RHB Chris Graham
|
0-0: Ball 1-0: Called Strike 1-1: Swinging Strike 1-2: Ball 2-2: 3-RUN HOME RUN (Flyball, 78XD, EV 100.0 MPH), Distance : 399 ft
|
|
Pitching: RHP Edwin Martinez
|
|
|
Batting: RHB Roberto Delgado
|
0-0: Swinging Strike 0-1: Ball 1-1: Ball 2-1: Foul Ball, location: 2F 2-2: Strikes out looking
|
|
Batting: LHB Jeremy Moorehead
|
0-0: Called Strike 0-1: Foul Ball, location: 2F 0-2: Foul Ball, location: 2F 0-2: Ground out 4-3 (Groundball, 34, EV 105.6 MPH)
|
| Bottom of the 8th over - 4 runs, 4 hits, 0 errors, 0 left on base; Missoula 5 - Kingsport 9 |
| TOP OF THE 9TH |
|
Missoula Osprey batting - Pitching for Kingsport Mets : LHP Tony Diaz
|
|
Pitching: RHP Kyle Moser
|
|
|
Now at 1B: Warren Carmichael
|
|
|
Batting: SHB Ed Vargas
|
0-0: Ball 1-0: Foul Ball, location: 2F 1-1: Called Strike 1-2: Strikes out swinging
|
|
Batting: RHB D.J. Cooke
|
0-0: Ball 1-0: Swinging Strike 1-1: SOLO HOME RUN (Flyball, 78XD, EV 100.6 MPH), Distance : 396 ft
|
|
Batting: LHB Dallas Kelly
|
0-0: Ball 1-0: SOLO HOME RUN (Flyball, 9D, EV 98.8 MPH), Distance : 377 ft
|
|
Batting: RHB Orlando Florez
|
0-0: Ball 1-0: Called Strike 1-1: SOLO HOME RUN (Flyball, 7LD, EV 95.0 MPH), Distance : 336 ft
|
|
Pitching: RHP Rob Fennell
|
|
|
Batting: RHB Daniel Rivera
|
0-0: Fly out, F7 (Line Drive, 7, EV 93.8 MPH)
|
|
Batting: SHB Ethan Newby
|
0-0: Ball 1-0: Ball 2-0: Called Strike 2-1: Swinging Strike 2-2: Foul Ball, location: 2F 2-2: Ball 3-2: Base on Balls
|
|
Batting: LHB Josh Thomas
|
0-0: Called Strike 0-1: Swinging Strike 0-2: Strikes out swinging
|
| Top of the 9th over - 3 runs, 3 hits, 0 errors, 1 left on base; Missoula 8 - Kingsport 9 |
|